 Dungeon Crawl Stone Soup version 0.30.1-4-g462c640d31 (webtiles) character file.

Game seed: 12407915682377225821

149 growler the Gusty (level 5, -6/28 HPs)
             Began as a Tengu Air Elementalist on Aug 29, 2023.
             Mangled by Grinder (7 damage)
             ... on level 4 of the Dungeon.
             The game lasted 00:05:21 (3466 turns).

growler the Gusty (Tengu Air Elementalist)          Turns: 3466, Time: 00:05:21

Health: -6/28      AC:  2    Str: 14    XL:     5   Next: 31%
Magic:  1/10       EV: 14    Int: 17    God:
Gold:   147        SH:  0    Dex: 15    Spells: 0/10 levels left

rFire   . . .        r - +4 dagger (vamp)
rCold   . . .        (no shield)
rNeg    . . .        a - +0 robe
rPois   .            (helmet restricted)
rElec   .            (no cloak)
rCorr   .            (no gloves)
SInv    .            (boots unavailable)
Will    .....        (no amulet)
Stlth   +++          k - ring of Sonyeb {Str+6 Stlth+}
HPRegen 0.24/turn    (no ring)
MPRegen 0.12/turn

%: no passive effects
@: mighty, brilliant, flying quickly and evasively, quick
A: beak, talons 3, nimble flight, deterioration 1, mutation resistance 1
a: no special abilities


You were on level 4 of the Dungeon.
You visited 1 branch of the dungeon, and saw 4 of its levels.

You collected 147 gold pieces.

Inventory:

Hand Weapons
 r - a +4 vampiric dagger (weapon)
Armour
 a - a +0 robe (worn)
Jewellery
 k - the ring of Sonyeb (left hand) {Str+6 Stlth+}
   (You found it on level 2 of the Dungeon)

   [ring of strength]

   Str:       It affects your strength (+6).
   Stlth:     It makes you more stealthy.
 q - a +4 ring of protection
 t - a ring of protection from cold
Scrolls
 e - 2 scrolls of immolation {unknown}
 g - 2 scrolls of identify {unknown}
 h - 3 scrolls of teleportation {unknown}
 j - a scroll of torment {unknown}
 p - a scroll of silence {unknown}
 s - a scroll of magic mapping {unknown}
Potions
 b - a potion of magic
 c - a potion of curing
 d - 4 potions of brilliance
 f - 2 potions of mutation
 i - a potion of flight {unknown}
 l - a potion of might
 m - 2 potions of heal wounds {unknown}
 n - a potion of resistance {unknown}
 o - a potion of invisibility {unknown}


   Skills:
 - Level 2.1 Dodging
 - Level 2.0 Stealth
 + Level 3.2 Spellcasting
 + Level 3.9 Conjurations
 + Level 5.4 Air Magic


You couldn't memorise any spells.
You knew the following spells:

 Your Spells              Type           Power      Damage    Failure   Level
a - Shock                 Conj/Air       100%       1d9       2%          1
b - Static Discharge      Conj/Air       56%        2-5/arc   3%          2
c - Swiftness             Air            32%        N/A       5%          3
d - Airstrike             Air            16%        2d(3-19)  19%         4

Your spell library contained the following spells:

 Spells                   Type           Power      Damage    Failure   Level
 Ensorcelled Hibernation  Hex/Ice        8%         N/A       26%         2
 Summon Ice Beast         Ice/Summ       4%         N/A       86%         4
 Ozocubu's Refrigeration  Ice            2%         4d7       100%        7
 Storm Form               Tmut/Air       9%         N/A       100%        7


Dungeon Overview and Level Annotations

Branches:
Dungeon (4/15)
 Temple: D:4-7

Altars:

Annotations:
D:3 2 runed translucent doors
D:4 Grinder


Innate Abilities, Weirdness & Mutations

You have a beak for a mouth.
You have claws for feet.
Your magical nature lets you fly swiftly and evasively.
Your body sometimes deteriorates upon taking damage.
You are somewhat resistant to further mutation.


Message History

Grinder gestures at you. Pain shoots through your body!
Casting: Static Discharge (safe; 3% risk of failure)
Confirm with . or Enter, or press ? or * to list all spells.
Grinder is struck by an arc of lightning.
Grinder is heavily wounded.
You are struck by an arc of lightning.
Grinder is struck by an arc of lightning.
Grinder is severely wounded.
You are struck by an arc of lightning.
The lightning grounds out.
Grinder closely misses you.
Casting: Static Discharge (safe; 3% risk of failure)
Confirm with . or Enter, or press ? or * to list all spells.
You don't have enough magic to cast this spell.
Unknown command.
You closely miss Grinder.
Grinder is severely wounded.
Grinder hits you!
* * * LOW HITPOINT WARNING * * *
You writhe in agony.
* * * LOW HITPOINT WARNING * * *
It was a potion of brilliance.
You feel clever all of a sudden. Grinder gestures at you.
You resist with significant effort.
It was a potion of mutation.
You feel extremely strange.
You feel yourself wasting away.
You feel genetically stable. Grinder misses you.
Your magical contamination has completely faded away.
It was a potion of curing.
You feel better. Grinder barely misses you.
You barely miss Grinder. You claw Grinder, but do no damage.
Grinder is severely wounded.
Grinder hits you.
* * * LOW HITPOINT WARNING * * *
You writhe in agony.
* * * LOW HITPOINT WARNING * * *
It was a potion of might.
You feel very mighty all of a sudden. Grinder hits you!
You die...

..... .... ...
. ..## ...
####...#
....#......#.#.
...............
......5@....#
#..............
...!......##(..
...##......# .
.. ###...## .
#..#. ...#..
.....##


You could see Grinder.

Vanquished Creatures
  An orc priest (D:3)
  An orc wizard (D:3)
  Robin (D:3)
  An adder (D:3)
  A worm (D:2)
  7 orcs (D:3)
  2 ball pythons
  5 bats
  5 endoplasms
  3 giant cockroaches (D:1)
  7 goblins
  5 hobgoblins
  8 jackals
  2 quokkas
  3 frilled lizards
  4 kobolds
  5 rats
61 creatures vanquished.

Notes
Turn   | Place    | Note
-------+----------+-------------------------------------------
     0 | D:1      | growler the Tengu Air Elementalist began the quest for the
                  | Orb.
     0 | D:1      | Reached XP level 1. HP: 10/10 MP: 4/4
   239 | D:1      | Reached XP level 2. HP: 15/15 MP: 3/6
   249 | D:1      | Learned a level 2 spell: Static Discharge
  1227 | D:2      | Found a faded altar of an unknown god.
  1278 | D:2      | Identified the ring of Sonyeb {Str+6 Stlth+}
  1289 | D:2      | Reached XP level 3. HP: 19/19 MP: 3/7
  1709 | D:2      | Got the Secrets of Gusty Congelation
  1991 | D:2      | Learned a level 3 spell: Swiftness
  2087 | D:3      | Noticed Robin
  2089 | D:3      | Found a large runed translucent door.
  2091 | D:3      | Reached XP level 4. HP: 15/24 MP: 6/9
  2199 | D:3      | Killed Robin
  2200 | D:3      | Reached skill level 5 in Air Magic
  2583 | D:3      | Found a large runed translucent door.
  2734 | D:3      | Gained mutation: Your magical nature lets you fly swiftly
                  | and evasively. [Tengu growth]
  2734 | D:3      | Reached XP level 5. HP: 25/28 MP: 1/10
  2739 | D:3      | Learned a level 4 spell: Airstrike
  3299 | D:4      | Noticed Grinder
  3461 | D:4      | HP: 1/28 [Grinder (1)]
  3463 | D:4      | Gained mutation: Your body sometimes deteriorates upon
                  | taking damage. [potion of mutation]
  3463 | D:4      | Gained mutation: You are somewhat resistant to further
                  | mutation. [potion of mutation]
  3466 | D:4      | Mangled by Grinder

Illustrated notes

Levels and vault maps discovered:
D:1:      psy_arrival_whirlpool, layout_loops_ring,
          chequers_serial_rivers_small_b
D:2:      layout_loops_cross, ebering_ecumenical_altar_rust,
          uniq_crazy_yiuf_cottage
D:3:      layout_loops_ring, jmf_multi_god_temple2, serial_bayou_pond_a,
          nicolae_underground_beach, uniq_robin
D:4:      layout_cave_pools, temple_statues, uniq_blork_the_orc, uniq_grinder,
          uniq_eustachio

Skill      XL: |  1  2  3  4 |
---------------+-------------+-----
Conjurations   | 2 3 |  3.9
Air Magic      | 5 |  5.4
Spellcasting   | 3 |  3.2
Dodging        | |  2.1
Stealth        | |  2.0

Action                     |  1- 3 |  4- 6 || total
---------------------------+-------+-------++-------
  Melee: Unarmed           |    16 |       ||    16
         Peck              |     1 |       ||     1
         Kick              |     3 |     1 ||     4
         Dagger            |       |     2 ||     2
   Cast: Shock             |    72 |    49 ||   121
         Static Discharge  |     1 |     8 ||     9
    Use: Potion            |       |     4 ||     4
 Armour: Robe              |     8 |       ||     8
  Dodge: Dodged            |     8 |    14 ||    22
